 Dungeon Crawl Stone Soup version 0.30.1-9-gdf580d7c3d (webtiles) character file.

Game seed: 9919861014670920146

9453 pop123321pop the Fighter (level 11, 0/136 HPs)
             Began as a Human Fighter on Sept 30, 2023.
             Was an Initiate of Qazlal.
             Slain by a six-headed hydra (11 damage)
             ... on level 2 of the Lair of Beasts.
             The game lasted 00:22:24 (11624 turns).

pop123321pop the Fighter (Human Fighter)           Turns: 11624, Time: 00:22:24

Health: 0/136      AC: 25    Str: 17    XL:     11   Next: 74%
Magic:  11/11      EV:  2    Int:  8    God:    Qazlal [......]
Gold:   392        SH:  5    Dex: 17    Spells: 10/10 levels left

rFire   . . .        a - +1 rapier (elec)
rCold   . . .        c - +0 buckler
rNeg    . . .        f - melded +8 chain mail of Dramatic Exits {Dex+5}
rPois   +            l - melded +0 helmet
rElec   .            u - melded +2 cloak
rCorr   .            w - melded +0 pair of gloves
SInv    .            n - melded +0 pair of boots
Will    .....        (no amulet)
Stlth   ++           (no ring)
HPRegen 0.42/turn    (no ring)
MPRegen 0.12/turn

%: no passive effects
@: tree-form
A: stationary, stasis, torment immunity, boosted hp
a: Renounce Religion


You were on level 2 of the Lair of Beasts.
You worshipped Qazlal.
Qazlal was noncommittal.
You were a tree.
You visited 2 branches of the dungeon, and saw 11 of its levels.

You collected 392 gold pieces.

Inventory:

Hand Weapons
 a - a +1 rapier of electrocution (weapon)
Armour
 c - a +0 buckler (worn)
 f - the +8 chain mail of Dramatic Exits (melded) {Dex+5}
   (You found it on level 3 of the Dungeon)

   Dex:       It affects your dexterity (+5).
 l - a +0 helmet (melded)
 n - a +0 pair of boots (melded)
 u - a +2 cloak (melded)
 w - a +0 pair of gloves (melded)
Jewellery
 s - a ring of flight
Wands
 m - a wand of quicksilver (11)
 p - a wand of paralysis (10)
 B - a wand of iceblast (3)
 E - a wand of flame (2)
 G - a wand of mindburst (7)
 H - a wand of digging (9)
Scrolls
 d - a scroll of enchant armour
 e - 2 scrolls of poison
 g - a scroll of fog {unknown}
 i - 2 scrolls of fear {unknown}
 j - 2 scrolls of magic mapping
 k - a scroll of amnesia {unknown}
 o - a scroll of teleportation
 q - 3 scrolls of immolation
 v - a scroll of silence {unknown}
 y - a scroll of blinking {unknown}
 F - a scroll of identify
Potions
 b - a potion of lignification
 h - a potion of heal wounds
 x - a potion of flight
 z - 3 potions of attraction {unknown}
 C - a potion of ambrosia
 D - a potion of magic {unknown}


   Skills:
 * Level 10.3 Fighting
 - Level 9.0 Short Blades
 - Level 7.2 Armour
 - Level 10.0 Dodging
 - Level 3.0 Shields


You had 10 spell levels left.
You didn't know any spells.
Your spell library contained the following spells:

 Spells                   Type           Power      Damage    Failure   Level
 Beastly Appendage        Tmut           0%         N/A       50%         1
 Freeze                   Ice            0%         1d3       50%         1
 Sting                    Tmut/Pois      0%         1d3       50%         1
 Ensorcelled Hibernation  Hex/Ice        0%         N/A       63%         2
 Poisonous Vapours        Pois/Air       0%         N/A       63%         2
 Sublimation of Blood     Necr           0%         N/A       63%         2
 Wereblood                Tmut           0%         N/A       63%         2
 Frozen Ramparts          Ice            0%         1d1       86%         3
 Hailstorm                Conj/Ice       0%         3d3       86%         3
 Spider Form              Tmut/Pois      0%         N/A       86%         3
 Anguish                  Hex/Necr       0%         N/A       99%         4
 Animate Armour           Summ/Erth      0%         N/A       99%         4
 Olgreb's Toxic Radiance  Pois           0%         N/A       99%         4
 Blade Hands              Tmut           0%         N/A       100%        5
 Summon Forest            Summ/Tloc      0%         N/A       100%        5
 Eringya's Noxious Bog    Tmut/Pois      0%         N/A       100%        6
 Iron Shot                Conj/Erth      0%         9d1       100%        6
 Summon Hydra             Summ           0%         N/A       100%        7


Dungeon Overview and Level Annotations

Branches:
Dungeon (9/15)             Temple (0/1) D:5            Lair (1/5) D:8
    Orc: D:9-12

Altars:
Dithmenos
Gozag
Makhleb
Qazlal
Ru
Trog
Uskayaw

Shops:
D:4 (*   D:5 *?*


Message History

The six-headed hydra bites you.
The cane toad stings you but does no damage.
You hit the six-headed hydra.
The six-headed hydra is almost dead.
The cane toad barely misses you. The six-headed hydra bites you.
The six-headed hydra bites you!
The six-headed hydra bites you but does no damage.
The six-headed hydra bites you!
* * * LOW HITPOINT WARNING * * *
You block the six-headed hydra's attack.
The six-headed hydra barely misses you.
Really quaff the potion of lignification? [Y]es or [N]o only, please.
Really quaff the potion of lignification?
Uppercase [Y]es or [N]o only, please.
Really quaff the potion of lignification?
You turn into a tree.
Your +2 cloak melds into your body.
Your +0 helmet melds into your body.
Your +0 pair of gloves melds into your body.
Your +0 pair of boots melds into your body.
The +8 chain mail of Dramatic Exits {Dex+5} melds into your body.
Your roots penetrate the ground.
The cane toad barely misses you. The six-headed hydra bites you!
* * * LOW HITPOINT WARNING * * *
You block the six-headed hydra's attack.
The six-headed hydra bites you but does no damage. x2
You block the six-headed hydra's attack.
The six-headed hydra bites you.
* * * LOW HITPOINT WARNING * * *
You hit the six-headed hydra.
The six-headed hydra is severely wounded.
The cane toad stings you but does no damage.
Unknown command.
You hit the six-headed hydra.
The six-headed hydra is almost dead.
The six-headed hydra bites you but does no damage.
The six-headed hydra bites you!
* * * LOW HITPOINT WARNING * * *
The six-headed hydra bites you!
You die...

#.# ... # .. #.
.######
##P+#.P#..#
#.........#
#......D.##
..+....F♣..##.#.
#..............
#P.......###.P#
##.......# #
#P####### #


You could see a six-headed hydra and a cane toad.

Vanquished Creatures
  A boulder beetle (Lair:1)
  A black mamba (Lair:1)
  Maggie (D:7)
  3 cane toads (Lair:1)
  Psyche (D:8)
  2 komodo dragons
  A troll (D:5)
  A hornet (D:7)
  5 blink frogs (Lair:1)
  A basilisk (Lair:1)
  4 yaks
  A steam dragon (D:7)
  5 water moccasins
  2 orc warriors
  A sky beast (D:7)
  3 black bears
  An ice beast (D:6)
  8 wolves
  2 ogres (D:5)
  4 kobold brigands
  5 bullfrogs
  2 gnoll sergeants
  4 scorpions
  5 wights
  6 killer bees (D:9)
  A gnoll bouda (D:8)
  7 orc priests
  A hound (D:6)
  Crazy Yiuf (D:4)
  A sleepcap (D:4)
  3 iguanas
  7 orc wizards
  21 gnolls
  10 adders
  A river rat (D:6)
  A shadow imp (D:7)
  2 white imps
  An ufetubus (D:6)
  3 worms
  2 dart slugs
  27 orcs
  9 ball pythons
  5 endoplasms
  6 giant cockroaches
  7 goblins
  7 hobgoblins
  2 jackals (D:4)
  33 kobolds
  6 quokkas
  4 bats
  A frilled lizard (D:1)
  3 rats
242 creatures vanquished.

Notes
Turn   | Place    | Note
-------+----------+-------------------------------------------
     0 | D:1      | pop123321pop the Human Fighter began the quest for the Orb.
     0 | D:1      | Reached XP level 1. HP: 18/18 MP: 1/1
   108 | D:1      | Reached XP level 2. HP: 24/24 MP: 2/2
   556 | D:1      | Reached XP level 3. HP: 28/29 MP: 3/3
  1210 | D:2      | Reached XP level 4. HP: 30/35 MP: 4/4
  1873 | D:3      | Identified the +8 chain mail of Dramatic Exits {Dex+5}
  2000 | D:3      | Found a faded altar of an unknown god.
  2129 | D:4      | Noticed a scorpion
  2129 | D:4      | Noticed a black bear
  2143 | D:3      | HP: 1/52 [black bear (2)]
  2148 | D:3      | Killed a black bear
  2149 | D:3      | Reached skill level 5 in Short Blades
  2149 | D:3      | Reached XP level 5. HP: 37/41 MP: 5/5
  2155 | D:3      | Reached XP level 6. HP: 38/47 MP: 6/6
  2390 | D:4      | Found Poguesh's Antique Weapon Emporium.
  2548 | D:4      | Found a stormy altar of Qazlal.
  2586 | D:4      | Found Balus's General Store.
  2871 | D:4      | Found a runed translucent door.
  2872 | D:4      | Noticed Crazy Yiuf
  2983 | D:4      | Killed Crazy Yiuf
  3047 | D:5      | Entered Level 5 of the Dungeon
  3054 | D:5      | Found Mesylahe's General Store.
  3065 | D:5      | Noticed a troll
  3086 | D:5      | Killed a troll
  3087 | D:5      | Reached XP level 7. HP: 46/52 MP: 7/7
  3234 | D:5      | Found a staircase to the Ecumenical Temple.
  3365 | D:5      | Found a bloodstained altar of Trog.
  3375 | D:5      | Reached XP level 8. HP: 58/58 MP: 8/8
  3510 | D:5      | Reached skill level 5 in Armour
  4080 | D:5      | Found The Oracle's Delphic Readings.
  4253 | D:5      | Found Onoisoze's Assorted Antiques.
  4488 | D:6      | Reached XP level 9. HP: 63/63 MP: 9/9
  4492 | D:6      | Reached skill level 1 in Dodging
  4979 | D:6      | Noticed a +0 dagger
  4979 | D:6      | Noticed a +0 spear
  4980 | D:6      | Noticed a +0 falchion
  4980 | D:6      | Noticed a +0 spear
  4980 | D:6      | Noticed a +0 dagger
  4980 | D:6      | Noticed a +0 falchion
  4984 | D:6      | Noticed a +0 short sword
  4984 | D:6      | Noticed a +0 short sword
  4995 | D:6      | Found a hide-covered altar of Uskayaw.
  5082 | D:6      | Reached skill level 5 in Dodging
  5416 | D:7      | Noticed a hornet
  5432 | D:7      | Killed a hornet
  5846 | D:7      | Found a burning altar of Makhleb.
  5926 | D:7      | Noticed Maggie
  5938 | D:7      | Killed Maggie
  5939 | D:7      | Reached XP level 10. HP: 46/70 MP: 10/10
  6655 | D:8      | Found an opulent altar of Gozag.
  6720 | D:8      | Noticed Psyche
  6736 | D:8      | Killed Psyche
  6866 | D:8      | Found a shadowy altar of Dithmenos.
  6995 | D:7      | Reached skill level 10 in Dodging
  7323 | D:8      | Found a sacrificial altar of Ru.
  7715 | D:8      | Found a staircase to the Lair.
  9370 | D:4      | Became a worshipper of Qazlal Stormbringer
  9566 | Lair:1   | Entered Level 1 of the Lair of Beasts
  9588 | Lair:1   | Noticed a black mamba
  9602 | Lair:1   | Killed a black mamba
  9603 | Lair:1   | Reached skill level 5 in Fighting
  9693 | Lair:1   | Noticed a cane toad
  9693 | Lair:1   | Noticed a boulder beetle
  9705 | Lair:1   | Killed a cane toad
  9729 | Lair:1   | Noticed a komodo dragon
  9773 | Lair:1   | Noticed a komodo dragon
  9788 | D:8      | Reached XP level 11. HP: 24/81 MP: 11/11
 10791 | Lair:1   | Killed a boulder beetle
 11404 | Lair:1   | Reached skill level 10 in Fighting
 11610 | Lair:1   | You fall into a shaft and drop 1 floor!
 11610 | Lair:2   | Noticed a six-headed hydra
 11624 | Lair:2   | Slain by a six-headed hydra

Illustrated notes

Levels and vault maps discovered:
D:1:      nicolae_arrival_somewhat_less_tricky_arrival, layout_basic
D:2:      layout_basic, minmay_tetromino_s4
D:3:      layout_rooms, chequers_ecumenical_altar_lobes
D:4:      layout_rooms, mainiacjoe_overflow_alcove_1, serial_shops, shop, shop,
          uniq_crazy_yiuf_cottage
D:5:      layout_basic, lemuel_round_altar, minmay_temple_entry_mist,
          serial_shops, kennysheep_mini, shop, dk_noncrumbling_2,
          nicolae_nh_oracle_at_delphi
D:6:      layout_loops_ring, nicolae_uskayaw_en_pointe, gup_sewer_entry_bubbles,
          minmay_small_thing
D:7:      layout_loops_corners, lightli_temple_of_fire, uniq_maggie
D:8:      layout_loops_ring, nicolae_ru_sacrificial_ziggurat,
          lemuel_crystal_altar, old_standard_altar, lair_entry_dummy,
          uniq_psyche
D:9:      layout_loops_corners, grunt_ministairs_11
Lair:1:   layout_regular_city, serial_bayou_ford_a, serial_bayou_shore_b
Lair:2:   layout_roguey, spider_nest_entry_rubble, grunt_forest_small_clearings,
          uniq_amaemon, uniq_fannar

Skill      XL: |  1  2  3  4  5  6  7  8  9 10 11 |
---------------+----------------------------------+-----
Short Blades   | 3 5 6 7 8 9 |  9.0
Armour         | 4 7 |  7.2
Dodging        | 8 10 | 10.0
Fighting       | 5 10 | 10.3
Shields        | |  3.0

Action                     |  1- 3 |  4- 6 |  7- 9 | 10-12 || total
---------------------------+-------+-------+-------+-------++-------
  Melee: Rapier            |   108 |   135 |   313 |   552 ||  1108
    Use: Potion            |       |     7 |     4 |    10 ||    21
         Scroll            |       |     5 |     3 |     6 ||    14
   Stab: Invisible         |       |     1 |       |       ||     1
 Armour: Scale mail        |    54 |       |       |       ||    54
         Skin              |       |    32 |       |     4 ||    36
         Chain mail        |       |    59 |   151 |   276 ||   486
         Ring mail         |       |    17 |       |       ||    17
  Dodge: Dodged            |    41 |    36 |    95 |   290 ||   462
  Block: Buckler           |    26 |    34 |    60 |   179 ||   299
